 Seeded DCSS version 0.27-a0-1105-g946c659c87 (webtiles) character file.

Game seed: 20210428 (custom seed)

471 Snicker the Sneak (level 6, -3/46 HPs)
             Began as a Demonspawn Brigand on Apr 29, 2021.
             Slain by Eustachio
             ... wielding a +0 rapier
              (6 damage)
             ... on level 4 of the Dungeon.
             The game lasted 00:06:28 (4011 turns).

Snicker the Sneak (Demonspawn Brigand)              Turns: 4011, Time: 00:06:30

Health: -3/46      AC:  9    Str: 11    XL:     6   Next: 83%
Magic:  6/6        EV: 10    Int: 12    God:
Gold:   159        SH:  0    Dex: 17    Spells: 5/5 levels left

rFire    . . .     SeeInvis .   b - +1 whip (elec)
rCold    . . .     Faith    .   (no shield)
rNeg     . . .     Spirit   .   g - +0 ring mail
rPois    .         Reflect  .   (no helmet)
rElec    .         Harm     .   c - +0 cloak
rCorr    .         Rampage  .   s - +2 pair of gloves
Will     .....                  (no boots)
Stlth    +++.......             (no amulet)
HPRegen  0.15/turn              (no ring)
MPRegen  0.10/turn              (no ring)

@: no status effects
A: talons 2, spiny 1
a: no special abilities


You were on level 4 of the Dungeon.
You visited 1 branch of the dungeon, and saw 4 of its levels.
You also visited: Sewer.

You collected 159 gold pieces.

Inventory:

Hand Weapons
 a - a +2 dagger
 b - a +1 whip of electrocution (weapon)
Missiles
 d - 10 poisoned darts (quivered)
 e - 2 curare-tipped darts
 i - 3 throwing nets
Armour
 c - a +0 cloak (worn)
 g - a +0 ring mail (worn)
 q - a +0 robe
 r - a +1 hat
 s - a +2 pair of gloves (worn)
Jewellery
 k - an amulet of faith
Scrolls
 f - a scroll of enchant weapon {unknown}
 h - a scroll of summoning {unknown}
 j - 4 scrolls of amnesia {unknown}
 l - a scroll of fear {unknown}
 m - a scroll of vulnerability {unknown}
 o - 5 scrolls of identify {unknown}
 p - a scroll of noise {unknown}
 t - a scroll of fog {unknown}
 u - a scroll of blinking {unknown}
 v - a scroll of teleportation {unknown}
Potions
 n - a potion of degeneration {unknown}
 w - a potion of flight
 x - 2 potions of invisibility {unknown}
 z - a potion of brilliance {unknown}


   Skills:
 + Level 2.6 Fighting
 * Level 3.8 Short Blades
 + Level 1.4 Maces & Flails
 + Level 1.9 Throwing
 + Level 2.0 Armour
 + Level 1.7 Dodging
 * Level 5.6 Stealth


You had 5 spell levels left.
You didn't know any spells.
Your spell library contained the following spells:

 Spells                   Type           Power      Damage    Failure   Level
 Corona                   Hex            0%         N/A       61%         1
 Ensorcelled Hibernation  Hex/Ice        0%         N/A       75%         2
 Confusing Touch          Hex            0%         N/A       93%         3
 Dazzling Flash           Conj/Hex       0%         N/A       93%         3
 Tukima's Dance           Hex            0%         N/A       93%         3


Dungeon Overview and Level Annotations

Branches:
Dungeon (4/15)             Temple (0/1) D:4           Sewer (visited)

Altars:
Ashenzari
Elyvilon
Hepliaklqana
Nemelex Xobeh
Uskayaw
Zin

Annotations:
D:4 Eustachio


Innate Abilities, Weirdness & Mutations

You have razor-sharp toenails.
You are partially covered in sharp spines.


Message History

The quasit bites you.
The quasit claws you but does no damage.
The quasit misses you. The rat is struck by your spines.
You kill the rat!
The rat's corpse disappears in a puff of smoke!
The river rat bites you.
The crimson imp blinks!
You barely miss Eustachio. You claw Eustachio.
Eustachio is heavily wounded.
The quasit is struck by your spines.
The quasit bites you but does no damage.
The quasit misses you. The quasit barely misses you.
Eustachio mumbles some strange words.
Eustachio blinks!
The crimson imp blinks!
The river rat barely misses you.
The crimson imp blinks!
The river rat bites you but does no damage.
The quasit is struck by your spines.
You kill the quasit!
The river rat bites you! Eustachio is struck by your spines.
Eustachio barely misses you.
The crimson imp blinks! x2; The river rat is struck by your spines.
The river rat barely misses you.
You hit Eustachio but do no damage. Your kick misses Eustachio.
Eustachio is heavily wounded.
Eustachio casts a spell.
The river rat twitches its whiskers.
You miss Eustachio. You claw Eustachio, but do no damage.
Eustachio is heavily wounded.
The river rat bites you!
* * * LOW HITPOINT WARNING * * *
Eustachio hits you with a +0 rapier.
* * * LOW HITPOINT WARNING * * *
The river rat bites you but does no damage.
Unknown command.
You barely miss Eustachio. You claw Eustachio.
Eustachio is severely wounded.
The crimson imp disappears in a puff of smoke!
The river rat bites you.
* * * LOW HITPOINT WARNING * * *
Eustachio hits you with a +0 rapier.
You die...

####)####'######
...............##
#####...........##
....#......###5..###
.#..#......#≈≈...≈≈#
....#......#≈..♣..≈##
#.#.#####+#.....§...##
#.#..# #.....♣.rr♣r..#
..##.###.....r5r@....#
...#.......#≈.5♣@.≈#.#
>..##......#≈≈§5.≈≈#.#
......#....###...### #
..###........(.....
###...###+#########
#...### ....# .##..#


You could see Eustachio, 2 quasits, 2 crimson imps, 2 river rats, 2 rats and a
neutral quokka (wandering).

Vanquished Creatures
  A scorpion (D:4)
  A water moccasin skeleton (D:4)
  The ghost of Snicker the Sneak, a weakling DsBr (D:3)
  A bullfrog zombie (D:3)
  An orc priest (D:4)
  A bullfrog skeleton (D:3)
  A centaur skeleton (D:3)
  2 killer bee zombies
  2 adders (D:2)
  An adder skeleton (D:4)
  A dart slug (D:1)
  6 worms
  10 orcs
  12 ball pythons
  14 bats
  6 endoplasms
  4 giant cockroaches
  9 goblins
  8 hobgoblins
  10 jackals
  7 kobolds
  3 quokkas
  7 frilled lizards
  4 rats
113 creatures vanquished.

Vanquished Creatures (others)
  A dart slug (D:1)
  2 bats (D:1)
3 creatures vanquished.

Grand Total: 116 creatures vanquished

Notes
Turn   | Place    | Note
-------+----------+-------------------------------------------
     0 | D:1      | Snicker the Demonspawn Brigand began the quest for the Orb.
     0 | D:1      | Reached XP level 1. HP: 16/16 MP: 1/1
   220 | D:1      | Found a faded altar of an unknown god.
   377 | D:1      | Reached skill level 4 in Stealth
   377 | D:1      | Gained mutation: You are partially covered in sharp spines.
                  | [demonic ancestry]
   377 | D:1      | Reached XP level 2. HP: 14/22 MP: 2/2
  1257 | D:2      | Found a hide-covered altar of Uskayaw.
  1381 | D:2      | Gained mutation: You have sharp toenails. [demonic
                  | ancestry]
  1381 | D:2      | Reached XP level 3. HP: 27/27 MP: 3/3
  1946 | D:2      | Reached skill level 1 in Dodging
  2146 | D:3      | Reached XP level 4. HP: 32/33 MP: 4/4
  2329 | D:3      | Reached skill level 1 in Armour
  2405 | D:3      | Found a broken altar of Ashenzari.
  2420 | D:3      | Found a runed translucent gate.
  2420 | D:3      | Found a runed translucent gate.
  2422 | D:3      | Found a runed translucent gate.
  2424 | D:3      | Noticed Snicker's ghost (weakling DsBr)
  2452 | D:3      | Found a glowing drain.
  2463 | Sewer    | Entered a sewer
  2815 | Sewer    | Gained mutation: You have razor-sharp toenails. [demonic
                  | ancestry]
  2815 | Sewer    | Reached XP level 5. HP: 38/38 MP: 5/5
  2999 | D:3      | Found a hide-covered altar of Uskayaw.
  3193 | D:3      | Reached skill level 5 in Stealth
  3198 | D:3      | Killed Snicker's ghost
  3203 | D:3      | Reached XP level 6. HP: 34/45 MP: 6/6
  3614 | D:4      | Reached skill level 1 in Maces & Flails
  3620 | D:4      | Found a sparkling altar of Nemelex Xobeh.
  3843 | D:4      | Found a hazy altar of Hepliaklqana.
  3868 | D:4      | Found a staircase to the Ecumenical Temple.
  3989 | D:4      | Noticed Eustachio
  4011 | D:4      | Slain by Eustachio

Illustrated notes

Levels and vault maps discovered:
D:1:      psy_arrival_terrarium, layout_loops_cross,
          hellmonk_ecumenical_altar_crossroads, minivault_26,
          lemuel_flame_loot_1
D:2:      layout_loops_corners, basic_altar, amethyst_killhole
D:3:      layout_rooms, lemuel_tele_altar, nicolae_uskayaw_dance_hall,
          nicolae_ashenzari_skybound, gammafunk_ghost_necromancy,
          portal_sewer_entry_b, guppyfry_early_orc_mine
D:4:      layout_basic, elyvilon_altar_4, nicolae_overflow_crystal_walls,
          slow_altar_2, nicolae_hepliaklqana_hazy_memory,
          minmay_temple_entry_slanted, uniq_eustachio

Skill      XL: |  1  2  3  4  5  6 |
---------------+-------------------+-----
Stealth        | 4 5 |  5.6
Short Blades   | 2 3 |  3.8
Dodging        | 1 |  1.7
Armour         | 1 2 |  2.0
Maces & Flails | 1 |  1.4
Fighting       | |  2.6
Throwing       | |  1.9

Action                   |  1- 3 |  4- 6 || total
-------------------------+-------+-------++-------
Melee: Dagger            |    77 |    54 ||   131
       Kick              |     8 |    29 ||    37
       Whip              |       |    80 ||    80
  Use: Potion            |       |     4 ||     4
 Stab: Sleeping          |     6 |     7 ||    13
Armor: Robe              |     8 |       ||     8
       Ring mail         |    26 |    70 ||    96
Dodge: Dodged            |    27 |    74 ||   101

Table legend: (Time is in decaauts)
 A = Elapsed time spent in this place.
 B = Non-inter-level travel time spent in this place.
 C = Inter-level travel time spent in this place.
 D = Time resting spent in this place.
 E = Time spent auto-exploring this place.
 F = Levels seen in this place.
 G = Mean time per level.
                   A        B        C        D        E       F      G
               +--------+--------+--------+--------+--------+-----+--------+
         Total |   4103 |   3983 |    120 |    119 |   2916 |   5 |  820.6 |
       Dungeon |   3594 |   3474 |    120 |    119 |   2733 |   4 |  898.5 |
         Sewer |    509 |    509 |      0 |      0 |    183 |   1 |  509.0 |
               +--------+--------+--------+--------+--------+-----+--------+

Top non-repeatable levels by time:
     D:2: 1121 daAuts
     D:1: 997 daAuts
     D:3: 904 daAuts
     D:4: 572 daAuts
   Sewer: 509 daAuts
